[Event "76th Montenegro Championship 2024"]
[Site "Podgorica"]
[Date "2024.02.11"]
[Round "7.12"]
[White "Skvortsov, Andrei"]
[Black "Kandic, Milojko"]
[Result "1-0"]
[ECO "B06"]
[WhiteElo "2307"]
[BlackElo "2046"]
[Annotator "TA"]
[PlyCount "43"]
[EventDate "2024.02.06"]
[EventType "swiss"]
[EventCountry "MNE"]
[SourceTitle "playchess.com"]
[Source "ChessBase"]
[SourceQuality "1"]
[TimeControl "40/5400+30:1800+30"]

1. g3 g6 2. e4 d5 3. Nc3 dxe4 4. Nxe4 f5 5. Nc3 e5 6. d3 Bg7 7. Bg2 Ne7 8. f4 {[%emt 0:02:54] The position is equal.} exf4 9. Bxf4 h6 ({Reject} 9... Bxc3+ $6 10. bxc3 Nd5 11. Bh6 $16) (9... Nbc6 $14) 10. h4 c6 (10... Nbc6 $14) 11. Qd2 $16 {[%emt 0:01:23] White is more active.} Qa5 (11... Nd7 $142 12. O-O-O Nf6) 12. Nge2 ({Better is} 12. O-O-O $18) 12... Be6 13. Qe3 $36 {[%emt 0:04:38][%mdl 2048] Black is under strong pressure.} Kf7 14. Nd4 Bd7 (14... Bxd4 $16 15. Qxd4 Rd8) 15. O-O-O $18 {[%emt 0:03:50][%cal Ba1d1,Bd1e1,Be1e6][%mdl 32] Nf3 is the strong threat.} Qc5 {[%emt 0:07:23] [#]} 16. Nxf5 Qxf5 17. Rhf1 Ke8 $2 (17... Qf6 18. Be5 (18. Bxb8 Nf5 $11) 18... Nf5 19. Rxf5 Qxf5) 18. Rde1 {[%emt 0:01:01] White is clearly winning.} Qe6 19. Qxe6 Bxe6 20. Rxe6 {[%emt 0:00:06] Bd6 would now be deadly.} Kd8 21. Bh3 {[%emt 0:02:15] This pair of bishops is nice.} Rf8 {[%emt 0:03:18] [#]} 22. Bc7+ $1 {[%emt 0:05:54][%mdl 512] Weighted Error Value: White=0.44/Black=0.39.  Mistake:       	White=1     	Black=5      Inaccurate:     	White=1     	Black=1      OK:         	White=4     	Black=2      Best:        	White=1     	---        Brilliant:      	White=1     	---} 1-0

[Event "76th Montenegro Championship 2024"]
[Site "Podgorica"]
[Date "2024.02.11"]
[Round "7.13"]
[White "Podlesnik, Bogdan"]
[Black "Koljevic, Nikolina"]
[Result "1-0"]
[ECO "B15"]
[WhiteElo "2284"]
[BlackElo "1974"]
[Annotator "RC"]
[PlyCount "103"]
[EventDate "2024.02.06"]
[EventType "swiss"]
[EventCountry "MNE"]
[SourceTitle "playchess.com"]
[Source "ChessBase"]
[SourceQuality "1"]
[TimeControl "40/5400+30:1800+30"]

1. e4 c6 2. d4 d5 3. Nc3 dxe4 4. Nxe4 Nf6 5. Nxf6+ exf6 6. Bc4 Bd6 7. Qe2+ Qe7 8. Qxe7+ Kxe7 9. Ne2 Re8 10. Bf4 Be6 11. Bd3 a5 12. O-O-O Na6 13. Bxa6 Rxa6 14. Bxd6+ Kxd6 15. Rhe1 Raa8 16. b3 b5 17. Ng3 Kc7 18. f3 g6 19. Ne4 f5 20. Nc5 Rad8 21. c3 a4 22. Kc2 Ra8 23. Kb2 g5 24. Re5 axb3 25. axb3 Bd5 26. Rde1 Rxe5 27. Rxe5 g4 28. f4 g3 29. hxg3 Rg8 30. Re3 Kd6 31. Ka3 Bxg2 32. Nb7+ Kd7 33. Kb4 Bd5 34. Ka5 h5 35. Kb4 Be4 36. Kc5 Rg6 37. c4 bxc4 38. bxc4 Rh6 39. Ra3 Kc7 40. Rb3 h4 41. gxh4 Rxh4 42. Nd6 Rxf4 43. Rb7+ Kd8 44. Rxf7 Bg2 45. Rg7 Rg4 46. Rf7 Rf4 47. Ra7 Rf2 48. Nf7+ Ke8 49. Kd6 f4 50. Ng5 Kf8 51. Ke6 Re2+ 52. Kf6 1-0

[Event "76th Montenegro Championship 2024"]
[Site "Podgorica"]
[Date "2024.02.11"]
[Round "7.14"]
[White "Abramovic, Dragoljub"]
[Black "Nikac, Predrag"]
[Result "1/2-1/2"]
[ECO "A80"]
[WhiteElo "2018"]
[BlackElo "2304"]
[Annotator "TA"]
[PlyCount "92"]
[EventDate "2024.02.06"]
[EventType "swiss"]
[EventCountry "MNE"]
[SourceTitle "playchess.com"]
[Source "ChessBase"]
[SourceQuality "1"]
[TimeControl "40/5400+30:1800+30"]

1. d4 f5 2. Nc3 d5 3. Nf3 e6 4. Bf4 Bd6 5. Qd2 Nf6 6. Bxd6 Qxd6 7. Ne5 a6 8. e3 O-O 9. Bd3 c5 10. O-O Nc6 11. Nxc6 bxc6 (11... Qxc6 $11 12. dxc5 Qxc5) 12. dxc5 Qxc5 13. Na4 Qd6 14. b4 Rb8 15. Nc5 a5 16. a3 e5 17. f4 axb4 18. axb4 Nd7 19. Nxd7 Bxd7 20. c3 Ra8 21. g3 g6 22. Be2 Rfe8 23. Bf3 Be6 24. Rfd1 Qc7 25. Rxa8 (25. fxe5 $14 Qxe5 26. Qd4 Qxd4 27. exd4) 25... Rxa8 $11 26. b5 e4 $1 $15 27. Be2 c5 ({Better is} 27... cxb5 $15 28. Bxb5 Ra3) 28. Qb2 Qb6 {[%emt 0:06:01] [#]} 29. c4 $1 $36 {[%emt 0:11:46][%mdl 2048] White has some pressure.} dxc4 30. Qe5 (30. h4 $14 Bf7 31. Kf2) 30... Bf7 $1 $11 {[%emt 0:01:18] The position is equal.} 31. Rd7 {[%emt 0:03:25][%cal Oe2c4] Bxc4! would kill now.} Re8 (31... Qxb5 32. Rxf7 Kxf7 33. Qd5+ Ke7 34. Qxa8 Qb1+ 35. Kg2) 32. Qc3 Qxb5 33. Rxf7 {[%emt 0:01:01][%csl Gf7][%cal Rc3g7] [#]} Qb1+ 34. Kf2 Kxf7 35. Bxc4+ Re6 36. Bxe6+ Kxe6 {[%emt 0:00:45][%mdl 4096] Endgame. KQ-KQ} 37. Qe5+ Kf7 38. Qc7+ Ke8 39. Qc8+ Kf7 40. Qd7+ Kf8 41. Qd8+ Kf7 {[%emt 0:01:23] White must now prevent ...Qc2+.} 42. Qd7+ Kf8 43. Qd8+ Kf7 44. Qd7+ Kg8 45. Qe8+ Kg7 {And now ...Qc2+ would win.} 46. Qe5+ Kg8 {[%emt 0:01:00] Weighted Error Value: White=0.11 (very precise) /Black=0.13 (very precise) .  Mistake:       	White=3     	Black=2      Inaccurate:     	White=3     	Black=5      OK:         	White=13    	Black=12     Best:        	---       	Black=1      Strong:       	---       	Black=2} 1/2-1/2

[Event "76th Montenegro Championship 2024"]
[Site "Podgorica"]
[Date "2024.02.11"]
[Round "7.15"]
[White "Vukovic, Krsto"]
[Black "Musovic, Armin"]
[Result "0-1"]
[ECO "B06"]
[WhiteElo "1904"]
[BlackElo "2268"]
[Annotator "TA"]
[PlyCount "74"]
[EventDate "2024.02.06"]
[EventType "swiss"]
[EventCountry "MNE"]
[SourceTitle "playchess.com"]
[Source "ChessBase"]
[SourceQuality "1"]
[TimeControl "40/5400+30:1800+30"]

1. e4 c6 2. d4 g6 3. c4 d5 4. Nc3 dxe4 5. Nxe4 Bg7 6. Be3 Nh6 7. Bxh6 ({White should try} 7. Qd2 $11 Nf5 8. Nf3) 7... Bxh6 $15 8. Nf3 {[%emt 0:00:00] Black is slightly better.} Bg4 9. Be2 Bxf3 10. Bxf3 Bg7 11. Qb3 Qb6 (11... Bxd4 $2 {is the wrong capture.} 12. Qxb7 Nd7 13. Rd1 $16) 12. d5 Bxb2 13. Rb1 Qxb3 14. axb3 Bd4 15. dxc6 {[%emt 0:00:00] Black converts the advantage convincingly.} Nxc6 16. Nd2 (16. O-O $142) 16... O-O 17. Bxc6 bxc6 18. Ke2 Rab8 {[%emt 0:00:37] Black is more active.} 19. Nf3 Bf6 20. Rhd1 Rb7 21. Nd4 ({Better is} 21. Rd3) 21... Rc8 $17 22. Nf3 Rcb8 23. Rd3 (23. g4 $17) 23... a5 $19 24. Nd4 Bxd4 25. Rxd4 {[%emt 0:00:00][%mdl 4096] Endgame. KRR-KRR} a4 ({Resist} 25... Rxb3 26. Rxb3 Rxb3 27. Rd7 $19) 26. Rd3 axb3 27. Kd2 {[%emt 0:00:00] [#]} (27. Rb2 $142) 27... b2 $1 28. Ra3 Kg7 29. Kc2 Kf6 30. Ra6 {[%emt 0:00:00] [#]} Rb6 31. Rxb6 (31. Ra7) 31... Rxb6 {[%emt 0:00:04] Black is clearly winning.} 32. Rxb2 (32. f3 $142) 32... Rxb2+ 33. Kxb2 {[%emt 0:00:00] KP-KP} Ke5 34. Kc3 Ke4 35. f3+ Ke3 36. Kb4 Kd4 37. g3 e5 {[%emt 1:02:35] Weighted Error Value: White=0.67/Black=0.06 (flawless) .  Mistake:       	White=7     	---        Inaccurate:     	White=3     	Black=1      OK:         	White=6     	Black=13     Best:        	White=2     	Black=1      Strong:       	---       	Black=1} 0-1

[Event "76th Montenegro Championship 2024"]
[Site "Podgorica"]
[Date "2024.02.11"]
[Round "7.16"]
[White "Kadic, Branislav"]
[Black "Miletic, Vuk"]
[Result "0-1"]
[ECO "D02"]
[WhiteElo "1970"]
[BlackElo "2213"]
[Annotator "TA"]
[PlyCount "112"]
[EventDate "2024.02.06"]
[EventType "swiss"]
[EventCountry "MNE"]
[SourceTitle "playchess.com"]
[Source "ChessBase"]
[SourceQuality "1"]
[TimeControl "40/5400+30:1800+30"]

1. d4 d5 2. Bf4 c5 3. e3 Nc6 4. Nf3 Nf6 5. Be2 Qb6 6. b3 Bf5 7. O-O e6 8. c3 {[%emt 0:10:25] The position is equal.} Rc8 9. Ne5 Be7 10. Nd2 h6 11. Ndf3 Ne4 12. Qe1 (12. Rc1 $11) 12... cxd4 13. Nxc6 bxc6 14. Nxd4 (14. exd4 $15 Ba3 15. Bc1) 14... Bh7 $17 {[%emt 0:02:21] Black is more active.} 15. f3 Nf6 16. Qd2 Nd7 {[%emt 0:02:47] Hoping for ...e5.} 17. Bg3 e5 18. Nc2 Bxc2 19. Qxc2 Bc5 (19... Qxe3+ 20. Kh1 O-O 21. Rad1) 20. Qf5 g6 21. Qh3 {[%emt 0:01:39] Threatens to win with Bxe5.} Bxe3+ 22. Kh1 {[%emt 0:00:10] Strongly threatening Bxe5.} f5 $36 {[%emt 0:00:22][%mdl 2048] Black has good play.} 23. b4 {[%emt 0:05:39] Black continues to play with concentration.} (23. f4 $15) 23... Kf7 (23... O-O $17 24. a4 Kg7) 24. Rad1 (24. f4 $15 e4 25. Bh4) 24... Rce8 25. b5 Nf6 ({Much weaker is} 25... cxb5 26. Rxd5 Nf6 27. Rxb5 $11 (27. Bxe5 $2 Nxd5 28. Bxh8 Rxh8 $19) (27. Rxe5 Rxe5 28. Bxe5 Re8 $17)) 26. a4 (26. Bh4 $17) 26... c5 $19 27. Bh4 Qe6 28. Bxf6 Kxf6 29. a5 c4 30. Qh4+ Kg7 31. Qe1 f4 {[%emt 0:00:53] White is weak on the dark squares} 32. Rb1 Rb8 33. Qd1 $2 (33. Rb4) 33... d4 34. Qa4 d3 ({Not} 34... dxc3 35. Bxc4 Qd6 (35... Qf5 36. Qa3 $14) 36. Rb3 $17) 35. Bd1 Rhc8 36. b6 axb6 37. axb6 Rxb6 38. Rxb6 Bxb6 39. Qa6 Qc6 {[%emt 0:01:30] aiming for ...Ra8.} 40. Ba4 Ra8 41. Bxc6 Rxa6 {[%emt 0:01:23][%mdl 4096] Endgame. KRB-KRB} 42. Bb5 Ra3 43. Bxc4 Rxc3 44. Bb5 d2 45. Ba4 {[%emt 0:00:34] [#]} Bf2 $1 46. Rd1 (46. g3 fxg3) 46... Re3 {[%emt 0:09:54] ( -> ...Re1+)} 47. g4 Be1 48. Kg2 Re2+ 49. Kg1 e4 50. fxe4 Rxe4 51. Bc6 Re2 52. Bb5 {[%emt 0:08:18] [#]} f3 $1 {[%emt 0:01:03] Black mates.} 53. Ba4 (53. Kf1 Rxh2) 53... Bf2+ 54. Kf1 Be3 55. Bc6 Rxh2 56. Bxf3 Rf2+ {[%emt 0:00:05] Weighted Error Value: White=0.48/Black=0.19 (very precise) .  Mistake:       	White=7     	Black=1      Inaccurate:     	White=3     	Black=2      OK:         	White=8     	Black=14     Best:        	White=3     	Black=2} 0-1

[Event "76th Montenegro Championship 2024"]
[Site "Podgorica"]
[Date "2024.02.11"]
[Round "7.17"]
[White "Grbovic, Dino"]
[Black "Scekic, Veljko"]
[Result "1/2-1/2"]
[ECO "D97"]
[WhiteElo "1946"]
[BlackElo "2206"]
[Annotator "RC"]
[PlyCount "37"]
[EventDate "2024.02.06"]
[EventType "swiss"]
[EventCountry "MNE"]
[SourceTitle "playchess.com"]
[Source "ChessBase"]
[SourceQuality "1"]
[TimeControl "40/5400+30:1800+30"]

1. d4 Nf6 2. c4 g6 3. Nc3 d5 4. Nf3 Bg7 5. Qb3 dxc4 6. Qxc4 c6 7. e4 O-O 8. Be2 b5 9. Qd3 Be6 10. O-O Nbd7 11. Ng5 Bc4 12. Qh3 Bxe2 13. Nxe2 h6 14. Nf3 Nxe4 15. Bxh6 Ndf6 16. Ng3 Nxg3 17. hxg3 Qc8 18. Bxg7 Kxg7 19. Qxc8 1/2-1/2

[Event "76th Montenegro Championship 2024"]
[Site "Podgorica"]
[Date "2024.02.11"]
[Round "7.18"]
[White "Popovic, Mateja"]
[Black "Krstonijevic, Stjepan"]
[Result "1-0"]
[ECO "D52"]
[WhiteElo "1880"]
[BlackElo "2108"]
[Annotator "NA RC"]
[PlyCount "107"]
[EventDate "2024.02.06"]
[EventType "swiss"]
[EventCountry "MNE"]
[SourceTitle "playchess.com"]
[Source "ChessBase"]
[SourceQuality "1"]
[TimeControl "40/5400+30:1800+30"]

1. d4 d5 2. c4 e6 3. Nc3 Nf6 4. Bg5 c6 5. e3 Nbd7 6. Nf3 Qa5 7. cxd5 Nxd5 8. Qb3 Bb4 9. Rc1 O-O {[%emt 0:00:56] D52: Queen's Gambit Declined: Cambridge Springs Variation.} 10. a3 Bd6 11. Bd3 e5 12. O-O Nxc3 13. Rxc3 Qc7 14. d5 Nc5 15. Qc2 Nxd3 16. Qxd3 c5 17. b4 b6 18. e4 a5 19. Rfc1 axb4 20. axb4 Ba6 21. b5 Bc8 22. Nd2 Bd7 $14 23. Rb3 h6 24. Be3 f5 25. Nc4 f4 26. Bd2 g5 27. Bc3 Ra4 28. Bxe5 Bxe5 29. d6 Bxd6 30. Qd5+ Kg7 31. Nxd6 Rf6 32. e5 Re6 33. h4 Re7 34. hxg5 Be6 35. gxh6+ Kh8 36. Qd1 Bxb3 37. Qxb3 Ra8 38. Qd5 Rd8 39. Rd1 Qd7 40. Qc4 Qc7 41. Qxf4 Rg8 42. e6 Kh7 43. Qf5+ Rg6 44. Nf7 Qb7 45. f3 Qa8 46. Rd8 Qa1+ 47. Kh2 Rxf7 48. Qxf7+ Kxh6 49. Qf4+ Kh7 50. Rd7+ Rg7 51. Qf5+ Kh6 52. Rd5 Rg6 53. Qh5+ Kg7 54. Rd7+ 1-0

[Event "76th Montenegro Championship 2024"]
[Site "Podgorica"]
[Date "2024.02.12"]
[Round "8.1"]
[White "Petrov, Nikita"]
[Black "Draskovic, Luka"]
[Result "1/2-1/2"]
[ECO "D31"]
[WhiteElo "2563"]
[BlackElo "2481"]
[Annotator "TA"]
[PlyCount "61"]
[EventDate "2024.02.06"]
[EventType "swiss"]
[EventCountry "MNE"]
[SourceTitle "playchess.com"]
[Source "ChessBase"]
[SourceQuality "1"]
[TimeControl "40/5400+30:1800+30"]

1. d4 d5 2. c4 e6 3. Nc3 h6 4. cxd5 exd5 5. Bf4 Nf6 6. e3 Bd6 7. Bxd6 Qxd6 8. Bd3 {[%emt 0:00:08] White has an edge.} O-O 9. Nge2 a6 10. Nf4 Nc6 11. Qf3 Ne7 12. h3 Bd7 13. O-O Rac8 14. Rad1 Rfe8 15. Bb1 Rcd8 16. g4 Bc8 17. Qg3 Ng6 18. Rfe1 Nxf4 19. exf4 c6 (19... Qb6 {looks sharper.} 20. g5 Ne4 21. Nxe4 dxe4 22. Bxe4 hxg5 23. fxg5 Rxd4 24. Rxd4 Qxd4 25. Bh7+ Kf8) 20. a3 Nd7 21. Kg2 Nf8 22. f5 {[%emt 0:01:43] [#] Black must now prevent Qxd6.} Qxg3+ 23. Kxg3 Nd7 24. h4 Nb6 25. b3 Bd7 26. Kf4 Rxe1 27. Rxe1 f6 28. Re3 Kf7 29. Ne2 Nc8 30. Bd3 a5 31. Nc3 {[%emt 0:03:37] Weighted Error Value: White=0.07 (flawless) /Black=0.05 (flawless) .  Inaccurate:     	---       	Black=1      OK:         	White=6     	Black=12} 1/2-1/2

[Event "76th Montenegro Championship 2024"]
[Site "Podgorica"]
[Date "2024.02.12"]
[Round "8.2"]
[White "Vukcevic, Nemanja"]
[Black "Djukic, Nikola"]
[Result "0-1"]
[ECO "B51"]
[WhiteElo "2275"]
[BlackElo "2529"]
[Annotator "RC"]
[PlyCount "178"]
[EventDate "2024.02.06"]
[EventType "swiss"]
[EventCountry "MNE"]
[SourceTitle "playchess.com"]
[Source "ChessBase"]
[SourceQuality "1"]
[TimeControl "40/5400+30:1800+30"]

1. e4 c5 2. Nf3 Nc6 3. Bb5 d6 4. O-O Bd7 5. Re1 a6 6. Bf1 Bg4 7. h3 Bxf3 8. Qxf3 g6 9. c3 Bg7 10. Na3 e6 11. d3 Nge7 12. Nc2 O-O 13. Qd1 e5 14. Be3 f5 15. f3 Kh8 16. d4 cxd4 17. cxd4 fxe4 18. d5 Nd4 19. fxe4 Qb6 20. Rb1 Rac8 21. Bd3 Bh6 22. Bxd4 exd4 23. Kh1 Bg7 24. Qd2 Ng8 25. Qb4 Qxb4 26. Nxb4 Nh6 27. Rbc1 Nf7 28. Rxc8 Rxc8 29. Bb1 Ne5 30. Nd3 Rf8 31. Nxe5 Bxe5 32. Kg1 d3 33. Bxd3 Bxb2 34. Rf1 Bd4+ 35. Kh2 Rc8 36. Rb1 b5 37. Kg3 Kg7 38. Rb3 h5 39. e5 Rf8 40. Kh2 Bxe5+ 41. Kg1 Rf4 42. Ra3 h4 43. Rxa6 b4 44. Ra7+ Kh6 45. Rb7 Bd4+ 46. Kh2 Bf2 47. Bf1 Rd4 48. Rf7 Bg3+ 49. Kg1 Rxd5 50. Rf3 Ra5 51. Bc4 Rc5 52. Bb3 Re5 53. Bc4 d5 54. Bf1 d4 55. Rb3 Ra5 56. Rxb4 Rxa2 57. Rb1 Rd2 58. Bc4 Kg5 59. Rf1 Bf4 60. Rf3 Rc2 61. Bd3 Be3+ 62. Kh2 Rd2 63. Bf1 Kh6 64. Kh1 Bf2 65. Rd3 Ra2 66. Rf3 Kg7 67. Kh2 g5 68. Kh1 Bg3 69. Bc4 Ra4 70. Bd3 Bf4 71. Kg1 Be3+ 72. Kh2 Ra3 73. Bf1 Bf4+ 74. Kg1 Ra1 75. Kf2 Kf6 76. Ke2 Ke5 77. Kd3 Kd5 78. Kc2 Kc5 79. Kb2 Re1 80. Kc2 Kb4 81. Rb3+ Ka4 82. Rf3 Be3 83. Rf8 Bf4 84. Bd3 Rc1+ 85. Kb2 Rc3 86. Bc2+ Kb4 87. Rd8 Be5 88. Kc1 Rg3 89. Be4 Re3 0-1

[Event "76th Montenegro Championship 2024"]
[Site "Podgorica"]
[Date "2024.02.12"]
[Round "8.4"]
[White "Drasko, Milan"]
[Black "Kadric, Denis"]
[Result "1/2-1/2"]
[ECO "E60"]
[WhiteElo "2339"]
[BlackElo "2584"]
[Annotator "TA"]
[PlyCount "90"]
[EventDate "2024.02.06"]
[EventType "swiss"]
[EventCountry "MNE"]
[SourceTitle "playchess.com"]
[Source "ChessBase"]
[SourceQuality "1"]
[TimeControl "40/5400+30:1800+30"]

1. d4 Nf6 2. c4 d6 3. Nf3 g6 4. g3 Bg7 5. Bg2 Bf5 6. O-O Qc8 7. Nc3 O-O 8. Bg5 Re8 9. Qd2 e5 10. Rfd1 Nc6 11. d5 Nb8 12. Ne1 a5 13. e4 Bd7 14. Nd3 Na6 15. f3 h5 (15... b6 $14) 16. Bh6 {[%emt 0:06:48] White is more active.} (16. a3 $16) 16... h4 17. g4 (17. Bg5 $16) 17... Nh7 $11 18. Bxg7 Kxg7 19. Rf1 Qd8 20. Rae1 Qg5 21. Qf2 b6 22. Nb5 Rab8 23. Kh1 Bxb5 24. cxb5 Nc5 25. Re3 Nf6 26. Nc1 h3 27. Bxh3 Rh8 28. Bg2 Rh4 $36 {[%emt 0:00:20][%mdl 2048] Black has good play.} 29. Ne2 $2 (29. h3 $11 {and White has nothing to worry.}) 29... Rbh8 $19 30. Kg1 Rxh2 {[%emt 0:00:41] Threatens to win with ...Qh6.} 31. Rc3 (31. Ng3 {is a better defense.}) 31... Qh6 32. Ng3 {[%emt 0:00:37] Against Rh1+} Qh4 (32... Kf8 $19 {...Nh7 is the strong threat.} 33. Re1 Nh7) 33. Rd1 Rh6 {[%emt 0:00:29] And now ...Nh7 would win.} 34. Rd2 (34. Re3 $17) 34... Nh7 35. Qe1 Kh8 36. Re3 {[%emt 0:00:22] [#]} f5 $1 37. exf5 gxf5 {[%emt 0:00:00] Hoping for ...f4.} 38. gxf5 (38. Nxf5 $2 {too greedy.} Rh1+ 39. Bxh1 Qxh1+ 40. Kf2 Rh2+ 41. Kg3 Qxe1+ 42. Rxe1 Rxd2 $19) 38... Nf6 (38... Qf4 $19 {and Black stays clearly on top. aiming for ...Nf6.} 39. Rc3 R2h4) 39. Nf1 $17 {[%emt 0:00:19] [#]} Qh5 40. Nxh2 $11 Qxh2+ 41. Kf1 Qf4 42. Ke2 Qc4+ 43. Kf2 Nxd5 {[%emt 0:02:00][%cal Od5f4] [#] ...Nf4! would now be deadly. A dynamic duo of knights.} 44. Rxe5 $1 Nd3+ $1 {[%emt 0:07:36] [#]} (44... dxe5 $2 {perishes.} 45. Qxe5+ Kg8 46. Qxd5+ Qxd5 47. Rxd5 $18) 45. Rxd3 $1 Qxd3 {[%emt 0:00:02] White happily takes the draw.   Weighted Error Value: White=0.23 (precise) /Black=0.24 (precise) .  Loses game:     	White=1     	---        Mistake:       	White=4     	Black=4      Inaccurate:     	White=2     	Black=6      OK:         	White=12    	Black=12     Best:        	White=3     	Black=3      Strong:       	---       	Black=1      Brilliant:      	White=2     	---} 1/2-1/2

[Event "76th Montenegro Championship 2024"]
[Site "Podgorica"]
[Date "2024.02.12"]
[Round "8.5"]
[White "Nenezic, Danilo"]
[Black "Draganic, Veljko"]
[Result "1-0"]
[ECO "B12"]
[WhiteElo "2086"]
[BlackElo "2323"]
[Annotator "RC"]
[PlyCount "135"]
[EventDate "2024.02.06"]
[EventType "swiss"]
[EventCountry "MNE"]
[SourceTitle "playchess.com"]
[Source "ChessBase"]
[SourceQuality "1"]
[TimeControl "40/5400+30:1800+30"]

1. e4 c6 2. d4 d5 3. e5 c5 4. dxc5 e6 5. Bd3 Nd7 6. Nf3 Bxc5 7. c3 f6 8. b4 Bb6 9. exf6 Ngxf6 10. O-O e5 11. Bb5 e4 12. Nd4 Qe7 13. f4 O-O 14. Be3 a5 15. a3 Kh8 16. h3 Qf7 17. Nd2 axb4 18. axb4 Rxa1 19. Qxa1 Bc7 20. g4 Nxg4 21. hxg4 Nf6 22. Be2 Bxg4 23. Qe1 Bxe2 24. Nxe2 Qh5 25. Rf2 Ng4 26. Ng3 Qh4 27. Rg2 Nxe3 28. Qxe3 Bxf4 29. Qc5 Qd8 30. Qd4 Qc7 31. Ne2 Be5 32. Qc5 Qf7 33. c4 Qf5 34. cxd5 Rc8 35. Qe3 Re8 36. Ng3 Qf6 37. Ne2 Bc7 38. Nb3 Bb6 39. Nc5 Qa1+ 40. Qc1 Qf6 41. Qc3 Qf7 42. Nf4 Rf8 43. Qe5 Bc7 44. d6 Bxd6 45. Qxd6 Qxf4 46. Qxf4 Rxf4 47. Nxb7 e3 48. b5 Rb4 49. Nd6 Rb1+ 50. Kh2 h6 51. Re2 Rd1 52. Ne4 Rd5 53. Nc3 Rd3 54. Rc2 e2 55. Nxe2 Rb3 56. Rc8+ Kh7 57. Nc3 Kg6 58. Rc6+ Kf5 59. b6 Kf4 60. Rc7 g5 61. Rc5 Rb2+ 62. Kg1 Kf3 63. Rf5+ Kg3 64. Rb5 Rc2 65. Ne4+ Kf3 66. Nxg5+ hxg5 67. Rb3+ Kg4 68. b7 1-0

[Event "76th Montenegro Championship 2024"]
[Site "Podgorica"]
[Date "2024.02.12"]
[Round "8.7"]
[White "Ratkovic, Milorad"]
[Black "Milovic, Jovan"]
[Result "0-1"]
[ECO "A43"]
[WhiteElo "2063"]
[BlackElo "2223"]
[Annotator "RC"]
[PlyCount "52"]
[EventDate "2024.02.06"]
[EventType "swiss"]
[EventCountry "MNE"]
[SourceTitle "playchess.com"]
[Source "ChessBase"]
[SourceQuality "1"]
[TimeControl "40/5400+30:1800+30"]

1. d4 c5 2. d5 e6 3. c4 Bd6 4. e4 Nf6 5. Bd3 b5 6. Nf3 bxc4 7. Bc2 Bc7 8. O-O d6 9. Nbd2 Ba6 10. dxe6 fxe6 11. Re1 O-O 12. Ng5 Qd7 13. e5 dxe5 14. Qf3 h6 15. Nh7 Nc6 16. Nxf8 Rxf8 17. Ne4 Nd4 18. Nxf6+ Rxf6 19. Qe4 Ba5 20. Re3 Bb7 21. Qh7+ Kf7 22. Rxe5 Bc7 23. Re1 Qd5 24. Be4 Qh5 25. h3 Qh4 26. g3 Bxg3 0-1

[Event "76th Montenegro Championship 2024"]
[Site "Podgorica"]
[Date "2024.02.12"]
[Round "8.8"]
[White "Musovic, Armin"]
[Black "Podlesnik, Bogdan"]
[Result "0-1"]
[ECO "B22"]
[WhiteElo "2268"]
[BlackElo "2284"]
[Annotator "RC"]
[PlyCount "120"]
[EventDate "2024.02.06"]
[EventType "swiss"]
[EventCountry "MNE"]
[SourceTitle "playchess.com"]
[Source "ChessBase"]
[SourceQuality "1"]
[TimeControl "40/5400+30:1800+30"]

1. e4 c5 2. c3 d5 3. exd5 Qxd5 4. Na3 Nc6 5. Nf3 Bg4 6. Be2 Nf6 7. O-O e6 8. Qa4 Be7 9. Nc4 Qe4 10. Bd1 O-O 11. Re1 Qd3 12. Bc2 Qd7 13. Ng5 Rfd8 14. Ne3 Bh5 15. Qf4 Bg6 16. Bxg6 hxg6 17. Nc4 Qd3 18. Ne3 e5 19. Qc4 Qxc4 20. Nxc4 Nd5 21. Nf3 f6 22. g3 Nc7 23. b3 b5 24. Nb2 g5 25. h3 Kf7 26. d3 b4 27. c4 Ne6 28. Be3 f5 29. Bd2 Bf6 30. Rab1 Rd7 31. g4 g6 32. Kg2 Rad8 33. Be3 Be7 34. Bc1 Bf6 35. Be3 Ncd4 36. Bxd4 Nf4+ 37. Kg3 Rh8 38. h4 gxh4+ 39. Kh2 exd4 40. g5 Bg7 41. Rbd1 Re7 42. Rxe7+ Kxe7 43. Na4 Kd6 44. Rd2 Bf8 45. Rd1 Be7 46. Nb2 Rh5 47. Re1 Bxg5 48. Re8 Ne6 49. Ra8 Bf4+ 50. Kh1 Rh7 51. Na4 g5 52. Re8 g4 53. Ne1 h3 54. Nc2 Be5 55. a3 a5 56. Ra8 f4 57. Ra6+ Ke7 58. Ra7+ Bc7 59. axb4 g3 60. fxg3 f3 0-1